 Dungeon Crawl Stone Soup version 0.26.1-11-gd32895ea62 (webtiles) character file.

Game seed: 6528647602820487177

60 Zeld the Grasshopper (level 4, -6/29 HPs)
             Began as an Octopode Warper on May 16, 2021.
             Killed from afar by Sigmund (10 damage)
             ... with a magic dart
             ... on level 3 of the Dungeon.
             The game lasted 00:02:21 (3232 turns).

Zeld the Grasshopper (Octopode Warper)              Turns: 3232, Time: 00:02:21

Health: -6/29      AC:  1    Str: 11    XL:     4   Next: 6%
Magic:  7/7        EV: 13    Int: 15    God:
Gold:   97         SH:  0    Dex: 11    Spells: 3/8 levels left

rFire    . . .     SeeInvis .   a - +0 mace
rCold    . . .     Faith    .   (no shield)
rNeg     . . .     Spirit   .   (helmet restricted)
rPois    .         Reflect  .   (no amulet)
rElec    .         Harm     .   (no ring)
rCorr    .         Rampage  .   (no ring)
Will     .....                  (no ring)
Stlth    ++........             (no ring)
HPRegen  0.09/turn              (no ring)
MPRegen  0.10/turn              (no ring)
                                (no ring)
                                (no ring)

@: confused
A: almost no armour, stealthy swim, amphibious, 8 rings, constrict 8, camouflage
1, gelatinous body 1
a: no special abilities


You were on level 3 of the Dungeon.
You visited 1 branch of the dungeon, and saw 3 of its levels.

You collected 97 gold pieces.

Inventory:

Hand Weapons
 a - a +0 mace (weapon)
Missiles
 b - 5 boomerangs of dispersal
 n - 4 boomerangs (quivered)
Jewellery
 f - a cursed ring of attention {unknown}
Scrolls
 c - a scroll of blinking
 e - a scroll of amnesia {unknown}
 g - a scroll of enchant armour {unknown}
 h - 2 scrolls of identify {unknown}
 i - a scroll of teleportation {unknown}
 j - 2 scrolls of enchant weapon {unknown}
 p - a scroll of remove curse {unknown}
 q - a scroll of magic mapping {unknown}
Potions
 d - 4 potions of curing {unknown}
 k - a potion of attraction {unknown}
 l - 2 potions of brilliance {unknown}
 m - a potion of flight {unknown}
 o - a potion of heal wounds {unknown}


   Skills:
 - Level 2.0 Fighting
 * Level 3.2 Maces & Flails
 - Level 1.0 Throwing
 - Level 2.3 Dodging
 + Level 2.5 Spellcasting
 + Level 3.5 Translocations


You had 3 spell levels left.
You knew the following spells:

 Your Spells              Type           Power        Failure   Level
a - Blink                 Tloc           N/A          8%          2
b - Gell's Gravitas       Tloc           6%           16%         3

Your spell library contained the following spells:

 Spells                   Type           Power        Failure   Level
 Lesser Beckoning         Tloc           6%           16%         3
 Teleport Other           Tloc           12%          16%         3
 Passage of Golubria      Tloc           N/A          45%         4


Dungeon Overview and Level Annotations

Branches:
Dungeon (3/15)

Altars:

Annotations:
D:3 Sigmund


Innate Abilities, Weirdness & Mutations

You cannot wear most types of armour.
You are very stealthy in the water. (Stealth+)
You are amphibious.
You can wear up to eight rings at the same time.
You can use your tentacles to constrict eight enemies at once.
Your skin changes colour to match your surroundings (Stealth+).
Your rubbery body absorbs attacks. (AC +1, EV +1)


Message History

You release your grip on something.
Something barely misses you.
The goblin shouts!
You are confused.
You're too confused to move!
You are more confused.
A magic dart appears from out of thin air!
The magic dart hits you! The goblin hits you with a +0 dagger.
You are more confused.
The goblin closely misses you. The goblin closely misses you.
Something hits you.
You bump into the rock wall.
The goblin barely misses you. The goblin hits you with a +0 dagger.
* * * LOW HITPOINT WARNING * * *
Something hits you.
* * * LOW HITPOINT WARNING * * *
The goblin hits you with a +0 dagger.
* * * LOW HITPOINT WARNING * * *
A magic dart appears from out of thin air!
The magic dart hits you!
You die...

##..............##.#
####........#.......# #
#...............#.....#
........##......##.#...
......)..###....#..#.#.
.........# #.{..#.##.#
.........# ##..g..#..#
.........# ##...#..(.###
.........###....@.......
........[...........###.
.........##.....<..##>##
.........##....[...#...#
.........###..######†♣.######
.............##...##...##...##
.........###.#<)♣..##.##..♣.<#
........## #.##...'##.##'...##
#......## #..#####.[...#####


You could see a goblin.

Vanquished Creatures
  An adder (D:2)
  A worm (D:2)
  2 dart slugs (D:3)
  3 leopard geckos
  4 orcs (D:3)
  A ball python (D:3)
  4 bats
  2 giant cockroaches
  2 goblins (D:3)
  2 hobgoblins
  2 jackals (D:3)
  2 kobolds
  4 quokkas (D:3)
  A quokka zombie (D:3)
  3 rats
34 creatures vanquished.

Notes
Turn   | Place    | Note
-------+----------+-------------------------------------------
     0 | D:1      | Zeld the Octopode Warper began the quest for the Orb.
     0 | D:1      | Reached XP level 1. HP: 14/14 MP: 3/3
   588 | D:2      | Reached XP level 2. HP: 14/19 MP: 5/5
  1104 | D:2      | Learned a level 2 spell: Blink
  1235 | D:3      | Reached XP level 3. HP: 14/24 MP: 6/6
  1372 | D:3      | Learned a level 3 spell: Gell's Gravitas
  1948 | D:3      | Noticed Sigmund
  1957 | D:3      | HP: 1/24 [orc/+0 flail (9)]
  2740 | D:3      | Reached XP level 4. HP: 9/29 MP: 7/7
  3232 | D:3      | Killed from afar by Sigmund

Illustrated notes

Levels and vault maps discovered:
D:1:      scummos_arrival_simple_crosswalls, layout_basic
D:2:      layout_rooms
D:3:      layout_rooms, nicolae_overflow_hidden_temple, grunt_ministairs_4,
          uniq_sigmund

Skill      XL: |  1  2  3 |
---------------+----------+-----
Maces & Flails | 3 |  3.2
Fighting       | |  2.0
Throwing       | |  1.0
Dodging        | |  2.3
Spellcasting   | |  2.5
Translocations | |  3.5

Action                   |  1- 3 |  4- 6 || total
-------------------------+-------+-------++-------
Melee: Mace              |    67 |    11 ||    78
       Constrict         |    19 |     4 ||    23
       Tentacles         |    11 |     1 ||    12
Throw: Boomerang         |     2 |       ||     2
 Cast: Blink             |     2 |       ||     2
 Stab: Distracted        |     1 |       ||     1
       Sleeping          |     1 |       ||     1
Armor: Skin              |     3 |       ||     3
Dodge: Dodged            |    70 |    11 ||    81
